 Dungeon Crawl Stone Soup version 0.31-a0-1237-gabc64e778c (webtiles) character file.

Game seed: 13099883091494845336

573 Firecrotchwizard the Cleaver (level 7, -1/62 HPs)
             Began as a Hill Orc Monk on Dec 16, 2023.
             Slain by a gnoll
             ... wielding a +1 halberd of venom
              (2 damage)
             ... on level 5 of the Dungeon.
             The game lasted 00:08:05 (3418 turns).

Firecrotchwizard the Cleaver (Hill Orc Monk)        Turns: 3418, Time: 00:08:06

Health: -1/62      AC: 11    Str: 16    XL:     7   Next: 34%
Magic:  10/10      EV: 10    Int: 10    God:
Gold:   210        SH:  0    Dex: 13    Spells: 6/6 levels left

rFire   + . .        a - +0 hand axe
rCold   . . .        d - orb {light}
rNeg    . . .        n - +3 scale mail "Pyevvoah" {rElec rF+}
rPois   .            g - +0 helmet
rElec   +            (no cloak)
rCorr   .            r - +0 pair of gloves
SInv    .            (no boots)
Will    .....        (no amulet) Stlth
                     (no ring)
HPRegen 0.30/turn    (no ring)
MPRegen 0.12/turn

%: no passive effects
@: lethally poisoned (-1 -> -3), glowing
A: no striking features
a: no special abilities


You were on level 5 of the Dungeon.
You visited 1 branch of the dungeon, and saw 5 of its levels.

You collected 210 gold pieces.

Inventory:

Hand Weapons
 a - a +0 hand axe (weapon)
Missiles
 p - 6 poisoned darts
Armour
 b - a +0 robe
 d - an orb of light (worn)
 g - a +0 helmet (worn)
 h - a +0 plate armour
 n - the +3 scale mail "Pyevvoah" (worn) {rElec rF+}
   (You found it on level 3 of the Dungeon)

   rF+:       It protects you from fire.
   rElec:     It insulates you from electricity.
 r - a +0 pair of gloves (worn)
Jewellery
 j - a ring of protection from fire
Scrolls
 e - 2 scrolls of revelation {unknown}
 f - a scroll of blinking {unknown}
 l - a scroll of identify {unknown}
 m - a scroll of brand weapon {unknown}
Potions
 c - a potion of ambrosia
 i - a potion of mutation {unknown}
 k - a potion of might {unknown}
 o - a potion of resistance {unknown}
 q - 2 potions of attraction {unknown}


   Skills:
 + Level 5.8 Fighting
 * Level 8.1 Axes
 - Level 2.4 Dodging
 + Level 4.7 Invocations


You had 6 spell levels left.
You didn't know any spells.
Your spell library contained the following spells:

 Spells                   Type           Power      Damage    Failure   Level
 Blink                    Tloc           0%         N/A       91%         2
 Lesser Beckoning         Tloc           0%         N/A       91%         2
 Momentum Strike          Conj/Tloc      0%         3d8       91%         2


Dungeon Overview and Level Annotations

Branches:
Dungeon (5/15)
 Temple: D:4-7

Altars:

Annotations:
D:4 2 runed translucent doors, Sundig's ghost, amateur HuFi


Message History

The gnoll hits you with a +0 whip.
The gnoll bouda barks out a call to the hunt!
The gnolls pick up the pace!
The gnoll hits you but does no damage.
You climb upwards.
Level annotation: 2 runed translucent doors, Sundig's ghost, amateur HuFi
There is a stone staircase leading down here.
You hit the gnoll.
The gnoll is almost dead.
You hit the gnoll bouda.
The gnoll bouda utters an invocation to its god.
The gnoll bouda is healed somewhat.
The gnoll hits you but does no damage.
You hit the gnoll.
You kill the gnoll!
You hit the gnoll bouda but do no damage.
The gnoll bouda hits you but does no damage.
You hit the gnoll bouda.
The gnoll bouda is moderately wounded.
Your attacks no longer feel as feeble.
You hit the gnoll bouda.
The gnoll bouda is severely wounded.
The gnoll bouda hits you with a +0 club.
You barely miss the gnoll bouda.
The gnoll bouda is severely wounded.
The gnoll bouda hits you but does no damage.
You slash the gnoll bouda!
You kill the gnoll bouda!
Things that are here:
a +0 club; a +0 robe
There is a stone staircase leading down here.
You start resting.
HP restored.
You climb downwards.
The gnoll completely misses you.
There is a stone staircase leading up, spattered with blood here.
You hit the gnoll.
The gnoll is lightly wounded.
The gnoll hits you with a +2 heavy flail!
You slash the gnoll!
The gnoll is almost dead.
You barely miss the gnoll.
The gnoll is almost dead.
You hit the gnoll but do no damage.
The gnoll hits you with a +2 heavy flail.
The gnoll barely misses you. The gnoll closely misses you.
You slash the gnoll!
The gnoll is severely wounded.
You hit the gnoll.
A gnoll comes into view. It is wielding a +0 spear.
The gnoll barely misses you. The gnoll closely misses you.
The gnoll hits you with a +2 heavy flail.
You hit the gnoll.
You kill the gnoll!
You hit the gnoll but do no damage. The gnoll completely misses you.
A gnoll comes into view. It is wielding a +1 halberd of venom.
The gnoll hits you but does no damage.
The gnoll shouts!
You hit the gnoll.
The gnoll is heavily wounded.
You completely miss the gnoll.
The gnoll hits you with a +2 heavy flail.
The gnoll misses you.
You hit the gnoll but do no damage.
The gnoll is heavily wounded.
You barely miss the gnoll. You hit the gnoll.
The gnoll is severely wounded.
You barely miss the gnoll.
The gnoll hits you with a +2 heavy flail.
The gnoll hits you but does no damage. The gnoll barely misses you.
The gnoll closely misses you.
You hit the gnoll.
The gnoll is moderately wounded.
You hit the gnoll but do no damage. You hit the gnoll.
The gnoll hits you but does no damage.
The gnoll hits you from afar with a +1 halberd of venom!
* * * LOW HITPOINT WARNING * * *
You are poisoned.
You feel sick. The gnoll attacks as it pursues you!
The gnoll hits you with a +2 heavy flail.
* * * LOW HITPOINT WARNING * * *
The gnoll barely misses you. The gnoll closely misses you. x2
You hit the gnoll but do no damage. You barely miss the gnoll.
You hit the gnoll but do no damage.
You feel sick. The gnoll hits you with a +0 spear!
* * * LOW HITPOINT WARNING * * *
The gnoll hits you from afar with a +0 spear.
* * * LOW HITPOINT WARNING * * *
The gnoll hits you with a +1 halberd of venom.
* * * LOW HITPOINT WARNING * * *
The gnoll closely misses you.
Unknown command.
You hit the gnoll.
The gnoll is lightly wounded.
You hit the gnoll but do no damage. You hit the gnoll.
* * * LOW HITPOINT WARNING * * *
You feel sick. The gnoll hits you with a +0 spear.
* * * LOW HITPOINT WARNING * * *
The gnoll barely misses you.
The gnoll hits you with a +1 halberd of venom.
You die...

......###........#####..#
..........#...g........#
#$$.....#.#####.....####
................##.#####...
...................).^...#
##.......#########$<######
#......... #..........#
........#.# #..gg......#
.g......#.# #.@g.......#
g.....$.#.# #..g.........#
#.#...........#
...#####.#####.. .... #.#
.. .... .# . .#


You could see 4 gnolls.

Vanquished Creatures
  A black bear (D:4)
  2 scorpions (D:4)
  3 hounds (D:4)
  A gnoll bouda (D:4)
  An iguana (D:5)
  Natasha (thrice) (D:3)
  3 gnolls
  3 adders
  2 ufetubi (D:3)
  2 worms
  2 dart slugs (D:3)
  5 orcs (D:4)
  10 ball pythons
  6 endoplasms
  6 giant cockroaches
  5 goblins
  5 hobgoblins
  6 jackals
  A quokka (D:1)
  2 frilled lizards
  6 kobolds
  2 rats
77 creatures vanquished.

Notes
Turn   | Place    | Note
-------+----------+-------------------------------------------
     0 | D:1      | Firecrotchwizard the Hill Orc Monk began the quest for the
                  | Orb.
     0 | D:1      | Reached XP level 1. HP: 19/19 MP: 1/1
   138 | D:1      | Reached XP level 2. HP: 6/27 MP: 2/2
   139 | D:1      | Reached skill level 1 in Invocations
   861 | D:1      | Found a faded altar of an unknown god.
  1037 | D:2      | Reached XP level 3. HP: 33/33 MP: 2/4
  1105 | D:3      | Noticed Natasha
  1116 | D:3      | Killed Natasha
  1117 | D:3      | Reached skill level 5 in Axes
  1166 | D:3      | Reached XP level 4. HP: 40/40 MP: 5/5
  1190 | D:3      | Noticed Natasha
  1203 | D:3      | Killed Natasha
  1670 | D:3      | Noticed Natasha
  1680 | D:3      | Killed Natasha
  1681 | D:3      | Reached skill level 6 in Axes
  1681 | D:3      | Reached XP level 5. HP: 31/47 MP: 5/7
  1885 | D:3      | Identified the +3 scale mail "Pyevvoah" {rElec rF+}
  2065 | D:4      | Reached skill level 5 in Fighting
  2065 | D:4      | Reached XP level 6. HP: 15/56 MP: 8/8
  2349 | D:4      | Reached skill level 7 in Axes
  2574 | D:4      | Noticed a black bear
  2581 | D:4      | Killed a black bear
  2585 | D:4      | Reached XP level 7. HP: 61/61 MP: 8/10
  2617 | D:4      | Found a large runed translucent door.
  2617 | D:4      | Found a large runed translucent door.
  2637 | D:4      | Noticed Sundig's ghost (amateur HuFi)
  3255 | D:5      | Entered Level 5 of the Dungeon
  3346 | D:5      | Reached skill level 8 in Axes
  3418 | D:5      | HP: 3/62 [poisoned by a gnoll]
  3418 | D:5      | HP: 1/62 [gnoll/+0 spear (2)]
  3418 | D:5      | Slain by a gnoll

Illustrated notes

Levels and vault maps discovered:
D:1:      ncdulo_halloftheorcs, layout_basic, chequers_ecumenical_altar_grove,
          st_stairs_10, dreamdust_princess_corridor, grunt_decor_clamped,
          chequers_mini_garden, hangedman_feature_mirror
D:2:      layout_basic, minmay_rat_gold_closets
D:3:      layout_basic, uniq_natasha
D:4:      layout_loops_ring, ebering_ghost_disaster_area
D:5:      layout_rooms, ebering_ghost_reflecting_pool

Skill      XL: |  1  2  3  4  5  6  7 |
---------------+----------------------+-----
Invocations    | 1 2 3 4 |  4.7
Fighting       | 4 5 |  5.8
Axes           | 5 6 7 8 |  8.1
Dodging        | |  2.4

Action                     |  1- 3 |  4- 6 |  7- 9 || total
---------------------------+-------+-------+-------++-------
  Melee: Hand axe          |    75 |   174 |    59 ||   308
  Throw: Dart              |       |     2 |       ||     2
 Armour: Robe              |    24 |       |       ||    24
         Plate armour      |    26 |    99 |       ||   125
         Scale mail        |       |    59 |    54 ||   113
  Dodge: Dodged            |    41 |    69 |    37 ||   147

Table legend: (Time is in decaauts)
 A = Elapsed time spent in this place.
 B = Non-inter-level travel time spent in this place.
 C = Inter-level travel time spent in this place.
 D = Time resting spent in this place.
 E = Time spent auto-exploring this place.
 F = Levels seen in this place.
 G = Mean time per level.
                   A        B        C        D        E       F      G
               +--------+--------+--------+--------+--------+-----+--------+
         Total |   3433 |   3347 |     86 |    225 |   2451 |   5 |  686.6 |
       Dungeon |   3433 |   3347 |     86 |    225 |   2451 |   5 |  686.6 |
               +--------+--------+--------+--------+--------+-----+--------+

Top non-repeatable levels by time:
     D:4: 1265 daAuts
     D:1: 1021 daAuts
     D:3: 951 daAuts
     D:5: 107 daAuts
     D:2: 87 daAuts
